 Dungeon Crawl Stone Soup version 0.29-a0-972-g43c84944fd (webtiles) character file.

Game seed: 14607479326432145854

42 CannotBeFrozen the Slasher (level 3, -1/27 HPs)
             Began as a Human Gladiator on July 31, 2022.
             Slain by Terence
             ... wielding a +4 falchion of holy wrath
              (7 damage)
             ... on level 2 of the Dungeon.
             The game lasted 00:02:35 (1197 turns).

CannotBeFrozen the Slasher (Human Gladiator)        Turns: 1197, Time: 00:02:36

Health: -1/27      AC:  4    Str: 16    XL:     3   Next: 77%
Magic:  3/3        EV: 12    Int:  8    God:
Gold:   47         SH:  0    Dex: 14    Spells: 2/2 levels left

rFire   . . .      SeeInvis .   a - +0 long sword
rCold   . . .      Faith    .   (no shield)
rNeg    . . .      Spirit   .   b - +0 leather armour
rPois   .          Reflect  .   c - +0 helmet
rElec   .          Harm     .   (no cloak)
rCorr   .          Rampage  .   (no gloves)
Will    .....                   (no boots)
Stlth   +.........              (no amulet)
HPRegen 0.09/turn               (no ring)
MPRegen 0.08/turn               (no ring)

@: no status effects
A: no striking features
a: no special abilities


You were on level 2 of the Dungeon.
You visited 1 branch of the dungeon, and saw 2 of its levels.

You collected 47 gold pieces.

Inventory:

Hand Weapons
 a - a +0 long sword (weapon)
Missiles
 d - 3 throwing nets {=f=F}
 e - a javelin (quivered)
Armour
 b - a +0 leather armour (worn)
 c - a +0 helmet (worn)
Jewellery
 k - a ring of ice
Scrolls
 g - a scroll of immolation {unknown}
 i - a scroll of enchant armour {unknown}
Potions
 f - 2 potions of curing {unknown}
 h - a potion of berserk rage {unknown}
 j - a potion of magic {unknown}


   Skills:
 - Level 2.0 Fighting
 + Level 4.4 Long Blades
 - Level 2.0 Throwing
 - Level 3.0 Dodging


You had 2 spell levels left.
You didn't know any spells.
Your spell library was empty.

Dungeon Overview and Level Annotations

Branches:
Dungeon (2/15)

Altars:

Annotations:
D:2 Terence


Message History

Throw: javelin
Press: ? - help, Q - select action Shift-Dir - straight line, f - Terence
Aim: Terence, wielding a +4 falchion of holy wrath and wearing a +0 scale mail of fire resistance (64% to hit)
Okay, then.
Okay, then.
Okay, then.
You hit Terence but do no damage. Your punch misses Terence.
Terence hits you with a +4 falchion of holy wrath.
HP: 25/27 (-2) ===========- You closely miss Terence.
Terence closely misses you.
You closely miss Terence. Terence completely misses you.
Terence hits you with a +4 falchion of holy wrath.
HP: 21/27 (-5) =========--- !
You closely miss Terence.
Terence hits you with a +4 falchion of holy wrath.
HP: 15/27 (-6) ======------ !!
You slash Terence!
Terence is moderately wounded.
Terence closely misses you.
You barely miss Terence.
Terence is moderately wounded.
Terence hits you with a +4 falchion of holy wrath.
* * * LOW HITPOINT WARNING * * *
HP: 12/27 (-3) =====------- !
You hit Terence.
Terence is heavily wounded.
Terence barely misses you.
You hit Terence.
Terence is severely wounded.
Terence completely misses you.
Terence hits you with a +4 falchion of holy wrath.
* * * LOW HITPOINT WARNING * * *
HP: 6/27 (-6) ==---------- !!
You barely miss Terence.
Terence is severely wounded.
Terence barely misses you.
You closely miss Terence. You punch Terence, but do no damage.
Terence is severely wounded.
Terence hits you with a +4 falchion of holy wrath!
You die...

#... #. #... #.##+#
#... #..... #... #.....
#... #.... #######...
#.... #.........
#....#########........#
#....@......†'........+
#...@#########........#
#.... #........# #....
#........# #....
########## #####


You could see Terence.

Vanquished Creatures
  An adder (D:2)
  2 dart slugs (D:1)
  3 ball pythons (D:1)
  3 endoplasms (D:1)
  A giant cockroach (D:1)
  A goblin (D:2)
  2 hobgoblins (D:1)
  3 quokkas
  A bat (D:1)
  A frilled lizard (D:1)
  4 kobolds
  7 rats
29 creatures vanquished.

Vanquished Creatures (others)
  11 plants (D:2)
11 creatures vanquished.

Grand Total: 40 creatures vanquished

Notes
Turn   | Place    | Note
-------+----------+-------------------------------------------
     0 | D:1      | CannotBeFrozen the Human Gladiator began the quest for the
                  | Orb.
     0 | D:1      | Reached XP level 1. HP: 16/16 MP: 1/1
     4 | D:1      | Noticed a black mamba
   185 | D:1      | Reached XP level 2. HP: 18/22 MP: 2/2
   416 | D:1      | Noticed an anaconda
   529 | D:1      | Reached skill level 4 in Long Blades
   529 | D:1      | Reached XP level 3. HP: 14/27 MP: 3/3
  1187 | D:2      | Noticed Terence
  1197 | D:2      | Slain by Terence

Illustrated notes

Levels and vault maps discovered:
D:1:      sevenhm_arrival_forest_fort_small_2, layout_rooms, minmay_pentomino_u4
D:2:      layout_basic, hangedman_decor_points, serial_bayou_lake_a, uniq_robin,
          uniq_terence

Skill      XL: |  1  2 |
---------------+-------+-----
Long Blades    | 4 |  4.4
Fighting       | |  2.0
Throwing       | |  2.0
Dodging        | |  3.0

Action                   || total
-------------------------++-------
Melee: Long sword        ||    95
       Punch             ||     1
Armor: Leather armour    ||    22
Dodge: Dodged            ||    65

Table legend: (Time is in decaauts)
 A = Elapsed time spent in this place.
 B = Non-inter-level travel time spent in this place.
 C = Inter-level travel time spent in this place.
 D = Time resting spent in this place.
 E = Time spent auto-exploring this place.
 F = Levels seen in this place.
 G = Mean time per level.
                   A        B        C        D        E       F      G
               +--------+--------+--------+--------+--------+-----+--------+
         Total |   1218 |   1185 |     33 |    363 |    505 |   2 |  609.0 |
       Dungeon |   1218 |   1185 |     33 |    363 |    505 |   2 |  609.0 |
               +--------+--------+--------+--------+--------+-----+--------+

Top non-repeatable levels by time:
     D:1: 938 daAuts
     D:2: 280 daAuts
